cohdb
Replays
Latest Replays
All Replays
Popular Replays
Top Player Replays
Match Explorer
How It Works
Community
CoH3 Stats
Reddit
Sign in to upload your games and track your stats! →
Sign in with Steam
Match 39966063
Unlisted
Match 39966063
Overview
Messages
Build Orders
End
Construct Infanterie Kompanie
Pioneer Squad
MG 42 Machine Gun Team
Selects Terror Battlegroup
Selects Machine Gun Camouflage
Grenadier Squad
MG 42 Machine Gun Team
Grenadier Squad
Medical Station
Selects Contempt for the Weak
MG 42 Machine Gun Team
Construct Panzergrenadier Kompanie
Pak 40 Anti-tank Gun Team
Panzergrenadier Squad
Pak 40 Anti-tank Gun Team
Construct Panzer Kompanie
Selects Propaganda Leaflet Drop
Propaganda Leaflet Drop
Stoßtruppen Squad
Selects Defend the Fatherland
Stoßtruppen Squad
Propaganda Leaflet Drop
Panzer IV Medium Tank
Propaganda Leaflet Drop
Panzer IV Medium Tank
Panzer IV Medium Tank
Side Skirts
Panzer IV Medium Tank
Pioneer Squad
Propaganda Leaflet Drop
Selects King Tiger Heavy Tank
UH|ck
UH|XTC
iceman
sgtViveron
CuteBaguettE
MrKindCookie
0
0
Comments
sign in to comment!
No comments posted yet!